 Dungeon Crawl Stone Soup version 0.28.0-45-g0d030f2227 (webtiles) character file.

Game seed: 278427528775297797

62 Bliebski the Ducker (level 3, 0/28 HPs)
             Began as a Demonspawn Gladiator on Apr 16, 2022.
             Was an Initiate of Yredelemnul.
             Succumbed to an adder's poison
             ... on level 3 of the Dungeon.
             The game lasted 00:07:46 (2761 turns).

Bliebski the Ducker (Demonspawn Gladiator)          Turns: 2761, Time: 00:07:47

Health: 0/28       AC:  6    Str: 22    XL:     3   Next: 85%
Magic:  3/3        EV: 12    Int:  9    God:    Yredelemnul [......]
Gold:   160        SH:  4    Dex: 14    Spells: 2/2 levels left

rFire   . . .      SeeInvis .   l - +1 dagger (venom)
rCold   . . .      Faith    .   (no shield)
rNeg    . . .      Spirit   .   b - +0 leather armour
rPois   .          Reflect  .   (helmet restricted)
rElec   .          Harm     .   (no cloak)
rCorr   .          Rampage  .   m - +2 pair of gloves
Will    .....                   (no boots)
Stlth   +.........              (no amulet)
HPRegen 0.09/turn               j - +6 ring of strength
MPRegen 0.08/turn               (no ring)

@: lethally poisoned (0 -> -10)
A: horns 1, condensation shield
a: Renounce Religion, Recall Undead Harvest


You were on level 3 of the Dungeon.
You worshipped Yredelemnul.
Yredelemnul was noncommittal.
You visited 1 branch of the dungeon, and saw 3 of its levels.

You collected 160 gold pieces.

Inventory:

Hand Weapons
 a - a +0 rapier
 k - a +0 dagger
 l - a +1 dagger of venom (weapon)
Missiles
 d - 2 throwing nets
 h - 72 stones (quivered)
 o - 34 arrows
Armour
 b - a +0 leather armour (worn)
 c - a +0 helmet
 m - a +2 pair of gloves (worn)
Jewellery
 f - an amulet of magic regeneration
 j - a +6 ring of strength (left hand)
Scrolls
 g - a scroll of magic mapping {unknown}
 p - 3 scrolls of fog {unknown}
Potions
 e - a potion of heal wounds {unknown}
 i - a potion of mutation {unknown}
 n - a potion of brilliance {unknown}
 q - a potion of might {unknown}


   Skills:
 + Level 2.8 Fighting
 + Level 3.2 Short Blades
 - Level 2.0 Throwing
 + Level 3.3 Dodging


You had 2 spell levels left.
You didn't know any spells.
Your spell library contained the following spells:

 Spells                   Type           Power      Damage    Failure   Level
 Sandblast                Erth           0%         2d4       43%         1
 Passwall                 Tmut/Erth      0%         N/A       56%         2
 Stone Arrow              Conj/Erth      0%         3d7       80%         3


Dungeon Overview and Level Annotations

Branches:
Dungeon (3/15)

Altars:
Yredelemnul


Innate Abilities, Weirdness & Mutations

You have a pair of small horns on your head.
A meltable shield of frost defends you. (SH +4)


Message History

You block the adder's attack. The adder bites you.
You block the adder's attack. The adder barely misses you. The adder bites you.
The adder misses you. The adder bites you but does no damage.
The adder bites you but does no damage. You block the adder's attack.
The adder bites you but does no damage. x2
The adder closely misses you. The adder bites you but does no damage.
The adder completely misses you. The adder bites you but does no damage.
The adder bites you but does no damage. The adder bites you but does no damage.
The adder barely misses you. The adder bites you. The adder closely misses you.
The adder bites you but does no damage. The adder misses you.
The adder bites you but does no damage. x2
The adder bites you.
* * * LOW HITPOINT WARNING * * *
The adder bites you but does no damage. The adder closely misses you.
The adder bites you.
* * * LOW HITPOINT WARNING * * *
The adder closely misses you. The adder closely misses you.
The adder bites you but does no damage. The adder barely misses you.
The adder bites you but does no damage. The adder barely misses you.
The adder barely misses you. The adder closely misses you. The adder bites you.
* * * LOW HITPOINT WARNING * * *
You are lethally poisoned!
The adder poisons you!
* * * LOW HITPOINT WARNING * * *
You feel sick. The adder bites you.
* * * LOW HITPOINT WARNING * * *
You are more poisoned.
The adder poisons you!
You die...
Your body rises from the dead as a mindless zombie.

#.#####
#..S@.#
#####.#####.#
#.......#
#.####### #.#
#.# #.#
###.###
#.....#


You could see an adder.

Vanquished Creatures
  3 gnolls
  A worm (D:2)
  2 dart slugs
  3 endoplasms
  2 goblins
  A hobgoblin (D:2)
  4 jackals (D:2)
  2 kobolds
  A ball python (D:2)
  3 bats
  3 frilled lizards
  3 rats
28 creatures vanquished.

Notes
Turn   | Place    | Note
-------+----------+-------------------------------------------
     0 | D:1      | Bliebski the Demonspawn Gladiator began the quest for the
                  | Orb.
     0 | D:1      | Reached XP level 1. HP: 16/16 MP: 1/1
   617 | D:1      | Discovered your monstrous ancestry.
   617 | D:1      | Gained mutation: You have a pair of small horns on your
                  | head. [demonic ancestry]
   617 | D:1      | Reached XP level 2. HP: 22/22 MP: 2/2
  1415 | D:2      | Found a basalt altar of Yredelemnul.
  1770 | D:1      | Gained mutation: A meltable shield of frost defends you.
                  | (SH +4) [demonic ancestry]
  1770 | D:1      | Reached XP level 3. HP: 17/28 MP: 3/3
  2517 | D:2      | Found a faded altar of an unknown god.
  2649 | D:2      | Became a worshipper of Yredelemnul the Dark
  2761 | D:3      | Succumbed to an adder's poison

Illustrated notes

Levels and vault maps discovered:
D:1:      minmay_arrival_radiant_lines, layout_loops_corners, chequers_garden,
          corexii_leaking_fountain
D:2:      layout_basic, ebering_ecumenical_altar_abandoned, basic_altar,
          minmay_tall_x
D:3:      layout_loops_ring, serial_shops, shop

Skill      XL: |  1  2 |
---------------+-------+-----
Throwing       | 2 |  2.0
Dodging        | 3 |  3.3
Short Blades   | 3 |  3.2
Fighting       | |  2.8

Action                   || total
-------------------------++-------
Melee: Rapier            ||    49
       Punch             ||     2
       Dagger            ||    37
       Headbutt          ||    13
Throw: Stone             ||     2
       Throwing net      ||     1
 Stab: Sleeping          ||     2
Armor: Leather armour    ||    40
Dodge: Dodged            ||    71
Block: Other             ||    11
